General information
- name: BNet
- type: Ladder team game (AT/RT)
- host: Battle.net
- saver: WC3Millionaire
map: MarketSquare
- players: 8
- length: 47:37
- speed: Fast
- version: 1.26 W3XP
- replay type: Public
» download(295 KB)
Players
team 1 (winner)
sunshine27 (
teal | 24 APM | 675 actions | 28:36)
5 Lich
3 Frost Nova
2 Frost Armor
» actions
| Basic commands | 42 | |
| Build / train | 89 | |
| Enter build submenu | 24 | |
| Enter hero's abilities submenu | 5 | |
| Give item / drop item | 1 | |
| Right click | 122 | |
| Select / deselect | 327 | |
| Use ability | 65 | |
675 total
» units
| Acolyte | 17 | |
| Ghoul | 10 | |
| Crypt Fiend | 34 | |
| Rogue | 1 | |
| Assassin | 1 | |
| Kobold Geomancer | 1 | |
| Obsidian Statue | 1 | |
65 total
» upgrades
| Unholy Strength | 1 | |
| Cannibalize | 1 | |
| Creature Attack | 3 | |
| Creature Carapace | 3 | |
| Web | 1 | |
| Burrow | 1 | |
10 total
» buildings
| Ziggurat | 9 | |
| Altar of Darkness | 1 | |
| Crypt | 3 | |
| Graveyard | 1 | |
| Tomb of Relics | 1 | |
| Halls of the Dead | 1 | |
| Black Citadel | 1 | |
| Necropolis | 1 | |
| Spirit Tower | 1 | |
| Slaughterhouse | 1 | |
| Sacrificial Pit | 1 | |
21 total
» build order
00:20 Ziggurat
00:28 Altar of Darkness
01:49 Crypt
02:01 Crypt
02:10 Crypt
02:14 Graveyard
02:38 Ziggurat
03:31 Ziggurat
03:51 Tomb of Relics
07:11 Halls of the Dead
07:21 Ziggurat
08:22 Ziggurat
08:27 Ziggurat
10:26 Ziggurat
11:17 Black Citadel
11:49 Necropolis
13:47 Spirit Tower
17:34 Slaughterhouse
17:39 Sacrificial Pit
25:47 Ziggurat
25:50 Ziggurat
» items
| Rod of Necromancy | 1 | |
| Scroll of Town Portal | 2 | |
| Healing Salve | 1 | |
| Lesser Clarity Potion | 1 | |
5 total
SaithTheLordBob (
orange | 52 APM | 2466 actions | 47:35)
9 Blademaster
3 Wind Walk
3 Critical Strike
1 Bladestorm
2 Mirror Image
» actions
| Assign group hotkey | 38 | |
| Basic commands | 78 | |
| Build / train | 77 | |
| Enter build submenu | 84 | |
| Enter hero's abilities submenu | 10 | |
| Give item / drop item | 9 | |
| Right click | 1242 | |
| Select / deselect | 420 | |
| Select group hotkey | 303 | |
| Use ability | 205 | |
2466 total
» units
| Peon | 21 | |
| Grunt | 4 | |
| Wind Rider | 8 | |
| Raider | 2 | |
35 total
» upgrades
| Reinforced Defenses | 1 | |
| Ranged Weapons | 3 | |
| Armor | 3 | |
| Pillage | 1 | |
| Spiked Barricades | 3 | |
| Envenomed Spears | 1 | |
| Melee Weapons | 3 | |
| Ensnare | 1 | |
| Liquid Fire | 1 | |
17 total
» buildings
| Orc Burrow | 9 | |
| Altar of Storms | 1 | |
| Barracks | 1 | |
| Voodoo Lounge | 5 | |
| Stronghold | 1 | |
| War Mill | 2 | |
| Great Hall | 5 | |
| Watch Tower | 56 | |
| Fortress | 1 | |
| Beastiary | 6 | |
87 total
» build order
00:10 Orc Burrow
00:56 Orc Burrow
01:01 Orc Burrow
01:12 Altar of Storms
01:14 Barracks
02:42 Voodoo Lounge
02:49 Stronghold
04:10 War Mill
04:14 Orc Burrow
05:17 Great Hall
06:27 Watch Tower
06:27 Watch Tower
06:28 Watch Tower
06:28 Watch Tower
06:59 Fortress
11:45 War Mill
12:19 Watch Tower
12:19 Watch Tower
12:21 Watch Tower
12:23 Watch Tower
12:30 Watch Tower
12:30 Watch Tower
12:32 Watch Tower
12:32 Watch Tower
12:35 Watch Tower
12:36 Watch Tower
14:27 Watch Tower
14:27 Watch Tower
14:27 Watch Tower
14:28 Watch Tower
14:28 Watch Tower
14:28 Watch Tower
14:41 Watch Tower
14:42 Watch Tower
15:23 Watch Tower
15:23 Watch Tower
16:32 Watch Tower
16:32 Watch Tower
16:33 Watch Tower
16:39 Watch Tower
16:39 Watch Tower
17:41 Watch Tower
17:42 Watch Tower
17:43 Watch Tower
19:28 Watch Tower
19:28 Watch Tower
19:32 Watch Tower
19:32 Watch Tower
27:20 Voodoo Lounge
27:47 Great Hall
27:48 Voodoo Lounge
27:52 Great Hall
27:53 Voodoo Lounge
28:32 Great Hall
28:37 Voodoo Lounge
28:39 Watch Tower
28:39 Watch Tower
28:39 Watch Tower
28:41 Watch Tower
28:41 Watch Tower
28:42 Watch Tower
29:31 Beastiary
29:33 Beastiary
29:34 Beastiary
29:36 Beastiary
29:38 Beastiary
29:51 Orc Burrow
29:53 Orc Burrow
29:56 Orc Burrow
29:59 Orc Burrow
30:01 Orc Burrow
31:51 Great Hall
31:57 Watch Tower
31:57 Watch Tower
31:58 Watch Tower
31:58 Watch Tower
32:08 Watch Tower
32:09 Watch Tower
32:10 Watch Tower
32:10 Watch Tower
32:12 Watch Tower
32:17 Watch Tower
32:18 Watch Tower
32:19 Watch Tower
32:19 Watch Tower
32:20 Watch Tower
» items
| Healing Salve | 4 | |
| Scroll of Town Portal | 5 | |
| Potion of Healing | 2 | |
| Orb of Lightning | 1 | |
| Periapt of Vitality | 1 | |
13 total
REDGODOD (
purple | 70 APM | 3306 actions | 47:32)
7 Far Seer
3 Feral Spirit
3 Chain Lighting
1 Earth Quake
6 Shadow Hunter
2 Hex
3 Healing Wave
1 Big Bad Voodoo
» actions
| Assign group hotkey | 70 | |
| Basic commands | 77 | |
| Build / train | 69 | |
| Enter build submenu | 27 | |
| Enter hero's abilities submenu | 14 | |
| Give item / drop item | 1 | |
| Right click | 1551 | |
| Select / deselect | 355 | |
| Select group hotkey | 974 | |
| Use ability | 168 | |
3306 total
» units
| Peon | 17 | |
| Wind Rider | 10 | |
| Raider | 1 | |
| Acolyte | 1 | |
29 total
» upgrades
| Reinforced Defenses | 1 | |
| Ranged Weapons | 2 | |
| Armor | 2 | |
| Envenomed Spears | 1 | |
| Liquid Fire | 1 | |
| Ensnare | 1 | |
| Melee Weapons | 1 | |
9 total
» buildings
| Altar of Storms | 1 | |
| Orc Burrow | 6 | |
| Voodoo Lounge | 1 | |
| Stronghold | 2 | |
| War Mill | 1 | |
| Watch Tower | 31 | |
| Beastiary | 3 | |
| Fortress | 2 | |
| Great Hall | 5 | |
52 total
» build order
00:17 Altar of Storms
00:22 Orc Burrow
01:35 Voodoo Lounge
02:10 Stronghold
02:15 War Mill
02:41 Orc Burrow
02:45 Orc Burrow
03:53 Orc Burrow
04:22 Watch Tower
04:23 Watch Tower
04:24 Watch Tower
04:24 Watch Tower
05:13 Beastiary
05:18 Beastiary
06:06 Fortress
06:07 Fortress
07:22 Watch Tower
07:22 Watch Tower
08:52 Great Hall
11:00 Great Hall
12:34 Beastiary
12:54 Watch Tower
12:55 Watch Tower
12:55 Watch Tower
12:55 Watch Tower
13:22 Watch Tower
13:23 Watch Tower
13:23 Watch Tower
13:23 Watch Tower
13:42 Watch Tower
13:43 Watch Tower
14:39 Great Hall
14:41 Watch Tower
14:41 Watch Tower
15:12 Watch Tower
17:31 Orc Burrow
17:32 Orc Burrow
27:04 Great Hall
27:06 Watch Tower
27:07 Watch Tower
29:48 Great Hall
32:01 Watch Tower
32:02 Watch Tower
32:02 Watch Tower
32:19 Watch Tower
32:20 Watch Tower
32:20 Watch Tower
32:21 Watch Tower
32:21 Watch Tower
32:21 Watch Tower
32:22 Watch Tower
» items
| Healing Salve | 4 | |
| Scroll of Healing | 2 | |
| Potion of Lesser Invulnerability | 1 | |
| Orb of Lightning | 1 | |
| Scroll of Town Portal | 2 | |
| Potion of Mana | 1 | |
| Staff of Teleportation | 1 | |
12 total

»
bhudasak (
blue | 32 APM | 1507 actions | 47:37)
6 Mountain King
3 Storm Bolt
2 Bash
1 Avatar
6 Paladin
3 Holy Light
2 Divine Shield
1 Resurrection
» actions
| Assign group hotkey | 24 | |
| Basic commands | 59 | |
| Build / train | 105 | |
| Enter build submenu | 38 | |
| Enter hero's abilities submenu | 12 | |
| Give item / drop item | 1 | |
| Remove unit from queue | 5 | |
| Right click | 522 | |
| Select / deselect | 491 | |
| Select group hotkey | 89 | |
| Use ability | 161 | |
1507 total
» units
| Peasant | 9 | |
| Footman | 10 | |
| Forest Troll High Priest | 1 | |
| Knight | 3 | |
| Gryphon Rider | 2 | |
| Dragonhawk Rider | 11 | |
36 total
» upgrades
| Masonry | 3 | |
| Lumber Harvesting | 2 | |
| Swords | 2 | |
| Animal War Training | 1 | |
| Storm Hammers | 1 | |
| Cloud | 1 | |
10 total
» buildings
| Altar of Kings | 3 | |
| Farm | 15 | |
| Barracks | 2 | |
| Arcane Vault | 1 | |
| Lumber Mill | 1 | |
| Scout Tower | 21 | |
| Keep | 1 | |
| Guard Tower | 8 | |
| Arcane Tower | 1 | |
| Blacksmith | 1 | |
| Castle | 3 | |
| Gryphon Aviary | 2 | |
| Town Hall | 2 | |
61 total
» build order
00:18 Altar of Kings
00:23 Farm
00:40 Barracks
01:00 Farm
01:32 Arcane Vault
01:43 Farm
01:55 Lumber Mill
02:51 Farm
04:00 Scout Tower
04:05 Keep
04:08 Scout Tower
04:31 Scout Tower
05:08 Guard Tower
05:13 Arcane Tower
05:17 Scout Tower
05:23 Scout Tower
05:53 Guard Tower
06:15 Scout Tower
07:17 Guard Tower
07:53 Blacksmith
08:34 Castle
08:34 Castle
09:21 Scout Tower
11:48 Guard Tower
11:56 Barracks
12:07 Gryphon Aviary
12:12 Gryphon Aviary
12:20 Farm
15:04 Farm
15:05 Farm
16:14 Farm
16:16 Farm
25:11 Town Hall
25:53 Farm
27:04 Scout Tower
27:04 Scout Tower
27:05 Scout Tower
27:07 Scout Tower
27:58 Guard Tower
29:26 Guard Tower
29:31 Scout Tower
29:33 Scout Tower
29:50 Farm
31:47 Guard Tower
32:06 Scout Tower
32:07 Scout Tower
32:08 Scout Tower
32:12 Scout Tower
32:13 Scout Tower
32:14 Scout Tower
32:15 Scout Tower
33:40 Guard Tower
35:47 Town Hall
36:55 Altar of Kings
37:14 Farm
37:18 Farm
37:19 Farm
37:37 Scout Tower
38:20 Altar of Kings
38:57 Farm
» items
| Scroll of Regeneration | 3 | |
| Lesser Clarity Potion | 3 | |
| Scroll of Town Portal | 8 | |
| Circlet of Nobility | 2 | |
| Potion of Healing | 1 | |
| Orb of Fire | 1 | |
18 total
team 2 (loser)

»
hixhix2 (
green | 81 APM | 3872 actions | 47:37)
5 Goblin Tinker
3 Pocket Factory
2 Engineering Upgrade
3 Priestess of the Moon
2 Trueshot Aura
1 Searing Arrows
3 Keeper of the Grove
2 Entangling Roots
1 Thorns Aura
» actions
| Assign group hotkey | 48 | |
| Basic commands | 627 | |
| Build / train | 172 | |
| ESC pressed | 6 | |
| Enter build submenu | 30 | |
| Enter hero's abilities submenu | 11 | |
| Give item / drop item | 2 | |
| Remove unit from queue | 6 | |
| Right click | 846 | |
| Select / deselect | 853 | |
| Select group hotkey | 1100 | |
| Use ability | 171 | |
3872 total
» units
| Wisp | 37 | |
| Archer | 25 | |
| Druid of the Talon | 26 | |
88 total
» upgrades
| Strength of the Moon | 3 | |
| Improved Bows | 1 | |
| Moon Armor | 3 | |
| Druid of the Talon Training | 2 | |
| Marksmanship | 1 | |
10 total
» buildings
| Moon Well | 8 | |
| Ancient of War | 3 | |
| Altar of Elders | 1 | |
| Tree of Life | 1 | |
| Tree of Ages | 2 | |
| Hunter's Hall | 1 | |
| Ancient Protector | 11 | |
| Tree of Eternity | 3 | |
| Ancient of Wonders | 1 | |
| Ancient of Wind | 1 | |
32 total
» build order
00:24 Moon Well
00:28 Moon Well
00:33 Ancient of War
01:25 Altar of Elders
03:17 Tree of Life
04:43 Tree of Ages
04:44 Tree of Ages
04:52 Moon Well
05:01 Hunter's Hall
05:05 Moon Well
06:08 Ancient Protector
06:37 Ancient Protector
06:56 Ancient Protector
07:12 Tree of Eternity
07:13 Tree of Eternity
07:33 Ancient Protector
07:50 Ancient of Wonders
07:53 Ancient of Wind
08:09 Ancient Protector
09:33 Ancient Protector
12:06 Moon Well
12:07 Moon Well
15:02 Ancient of War
15:04 Ancient of War
19:06 Ancient Protector
19:08 Ancient Protector
19:09 Ancient Protector
19:13 Ancient Protector
21:50 Ancient Protector
24:41 Moon Well
24:42 Moon Well
» items
| Boots of Speed | 3 | |
| Scroll of Town Portal | 9 | |
| Potion of Lesser Invulnerability | 5 | |
| Potion of Healing | 7 | |
| Moonstone | 1 | |
| Orb of Venom | 1 | |
| Scroll of Healing | 1 | |
| Periapt of Vitality | 1 | |
28 total
KUSHKILLA (
pink | 33 APM | 1554 actions | 47:37)
5 Archmage
3 Summon Water Elemental
2 Brilliance Aura
3 Mountain King
2 Storm Bolt
1 Bash
» actions
| Assign group hotkey | 10 | |
| Basic commands | 27 | |
| Build / train | 106 | |
| Enter build submenu | 33 | |
| Enter hero's abilities submenu | 8 | |
| Give item / drop item | 2 | |
| Remove unit from queue | 9 | |
| Right click | 658 | |
| Select / deselect | 566 | |
| Select group hotkey | 33 | |
| Use ability | 102 | |
1554 total
» units
| Peasant | 22 | |
| Rifleman | 6 | |
| Sorceress | 5 | |
| Priest | -1 | |
| Mortar Team | 9 | |
| Siege Engine | 5 | |
46 total
» upgrades
| Gunpowder | 3 | |
| Armor | 1 | |
| Lumber Harvesting | 1 | |
| Masonry | 2 | |
| Flare | 1 | |
| Sorceress Training | 1 | |
| Long Rifles | 1 | |
| Magic Sentry | 1 | |
| Plating | 3 | |
| Barrage | 1 | |
15 total
» buildings
| Farm | 12 | |
| Altar of Kings | 1 | |
| Scout Tower | 13 | |
| Blacksmith | 1 | |
| Arcane Tower | 1 | |
| Barracks | 1 | |
| Lumber Mill | 1 | |
| Keep | 1 | |
| Arcane Vault | 2 | |
| Workshop | 3 | |
| Arcane Sanctum | 1 | |
| Town Hall | 1 | |
| Guard Tower | 11 | |
| Castle | 1 | |
50 total
» build order
00:21 Farm
00:30 Altar of Kings
00:52 Scout Tower
01:02 Blacksmith
01:20 Arcane Tower
01:52 Barracks
02:24 Farm
02:46 Lumber Mill
03:04 Farm
04:35 Farm
05:10 Keep
05:17 Farm
06:16 Farm
06:26 Arcane Vault
06:33 Arcane Vault
07:34 Workshop
07:37 Arcane Sanctum
09:10 Town Hall
09:38 Guard Tower
11:58 Farm
12:00 Farm
12:01 Farm
14:28 Farm
16:20 Scout Tower
16:47 Guard Tower
17:32 Farm
17:33 Farm
19:37 Scout Tower
19:39 Scout Tower
20:10 Guard Tower
20:17 Scout Tower
20:26 Castle
21:50 Guard Tower
21:54 Scout Tower
21:55 Scout Tower
22:59 Guard Tower
23:03 Guard Tower
23:10 Workshop
24:10 Scout Tower
24:41 Guard Tower
24:45 Workshop
27:32 Scout Tower
27:39 Scout Tower
28:06 Scout Tower
28:17 Guard Tower
28:25 Scout Tower
28:39 Scout Tower
29:04 Guard Tower
29:24 Guard Tower
30:26 Guard Tower
» items
| Scroll of Regeneration | 2 | |
| Mechanical Critter | 1 | |
| Ivory Tower | 3 | |
| Potion of Healing | 2 | |
| Scroll of Town Portal | 2 | |
| Orb of Fire | 1 | |
| Potion of Mana | 1 | |
12 total
WC3Millionaire (
red | 103 APM | 4920 actions | 47:37)
10 Mountain King
3 Storm Bolt
3 Bash
1 Avatar
3 Thunder Clap
» actions
| Assign group hotkey | 108 | |
| Basic commands | 167 | |
| Build / train | 200 | |
| ESC pressed | 6 | |
| Enter build submenu | 61 | |
| Enter hero's abilities submenu | 10 | |
| Give item / drop item | 9 | |
| Remove unit from queue | 2 | |
| Right click | 1969 | |
| Select / deselect | 508 | |
| Select group hotkey | 1634 | |
| Use ability | 246 | |
4920 total
» units
| Peasant | 22 | |
| Footman | 13 | |
| Gryphon Rider | 11 | |
| Dragonhawk Rider | 5 | |
51 total
» upgrades
| Masonry | 3 | |
| Storm Hammers | 1 | |
| Cloud | 1 | |
| Swords | 3 | |
| Lumber Harvesting | 2 | |
| Animal War Training | 1 | |
| Armor | 3 | |
14 total
» buildings
| Altar of Kings | 1 | |
| Barracks | 1 | |
| Farm | 11 | |
| Lumber Mill | 1 | |
| Arcane Vault | 1 | |
| Scout Tower | 48 | |
| Guard Tower | 72 | |
| Town Hall | 5 | |
| Keep | 3 | |
| Castle | 3 | |
| Gryphon Aviary | 4 | |
| Blacksmith | 2 | |
152 total
» build order
01:11 Altar of Kings
01:14 Barracks
01:17 Farm
01:20 Farm
01:42 Farm
02:09 Farm
02:21 Lumber Mill
02:32 Arcane Vault
03:02 Scout Tower
03:04 Scout Tower
03:06 Scout Tower
03:33 Guard Tower
03:33 Guard Tower
03:54 Guard Tower
03:54 Guard Tower
05:11 Town Hall
05:45 Scout Tower
05:46 Scout Tower
05:48 Scout Tower
06:23 Guard Tower
06:23 Guard Tower
06:23 Guard Tower
06:24 Guard Tower
06:24 Guard Tower
06:44 Keep
06:44 Keep
07:45 Scout Tower
07:48 Scout Tower
07:55 Scout Tower
07:56 Scout Tower
07:57 Scout Tower
07:58 Scout Tower
07:59 Scout Tower
08:00 Scout Tower
08:01 Scout Tower
08:03 Scout Tower
08:09 Farm
08:11 Farm
08:13 Farm
08:14 Farm
08:17 Scout Tower
08:17 Scout Tower
08:18 Scout Tower
08:19 Scout Tower
08:20 Scout Tower
08:21 Scout Tower
08:23 Scout Tower
08:24 Scout Tower
08:27 Farm
08:28 Farm
08:30 Farm
09:13 Guard Tower
09:13 Guard Tower
09:13 Guard Tower
09:13 Guard Tower
09:20 Guard Tower
09:20 Guard Tower
09:20 Guard Tower
09:21 Guard Tower
09:21 Guard Tower
09:21 Guard Tower
09:22 Guard Tower
09:29 Guard Tower
09:30 Guard Tower
09:30 Guard Tower
09:31 Guard Tower
09:31 Guard Tower
10:40 Castle
10:41 Castle
10:41 Castle
10:43 Gryphon Aviary
10:44 Gryphon Aviary
12:12 Guard Tower
12:12 Guard Tower
12:21 Gryphon Aviary
12:23 Gryphon Aviary
12:28 Blacksmith
12:29 Blacksmith
13:25 Scout Tower
13:26 Scout Tower
13:29 Scout Tower
13:34 Town Hall
13:40 Scout Tower
13:40 Scout Tower
13:41 Scout Tower
13:42 Scout Tower
13:43 Scout Tower
13:44 Scout Tower
13:45 Scout Tower
13:46 Scout Tower
13:47 Scout Tower
14:12 Guard Tower
14:13 Guard Tower
14:13 Guard Tower
14:13 Guard Tower
14:13 Guard Tower
14:24 Guard Tower
14:24 Guard Tower
15:11 Guard Tower
15:11 Guard Tower
15:11 Guard Tower
24:25 Scout Tower
24:26 Scout Tower
24:27 Scout Tower
24:28 Scout Tower
24:30 Scout Tower
24:32 Scout Tower
24:33 Scout Tower
24:40 Town Hall
25:26 Guard Tower
25:26 Guard Tower
25:27 Guard Tower
25:29 Guard Tower
25:29 Guard Tower
25:29 Guard Tower
25:37 Guard Tower
25:37 Guard Tower
25:38 Guard Tower
25:38 Guard Tower
40:25 Town Hall
40:50 Town Hall
41:12 Scout Tower
41:13 Scout Tower
41:14 Scout Tower
41:15 Scout Tower
41:16 Scout Tower
41:56 Guard Tower
41:56 Guard Tower
» items
| Scroll of Regeneration | 5 | |
| Scroll of Town Portal | 6 | |
| Lesser Clarity Potion | 4 | |
| Potion of Mana | 4 | |
| Boots of Speed | 1 | |
| Periapt of Vitality | 4 | |
| Scroll of Healing | 2 | |
| Scroll of Protection | 3 | |
| Potion of Healing | 2 | |
| Staff of Teleportation | 1 | |
32 total

»
AFK-WC3-Sucks (
yellow | 21 APM | 130 actions | 06:03)
» actions
| Basic commands | 34 | |
| Build / train | 5 | |
| Enter build submenu | 10 | |
| Right click | 18 | |
| Select / deselect | 44 | |
| Use ability | 19 | |
130 total
» units
» buildings
» build order
03:26 Ancient of War
03:30 Ancient of War
03:33 Ancient of War
03:37 Ancient of War
03:39 Ancient of War
03:44 Ancient of War
03:55 Ancient of War
03:56 Ancient of War
03:58 Ancient of War
04:00 Ancient of War
Chat log
(00:07 / All) WC3Millionaire: Market Square, not a bad roll
(00:18 / Allies) WC3Millionaire: yellow are you afk
(00:21 / Allies) WC3Millionaire: ?
(00:23 / Allies) WC3Millionaire: don't be an afk fag
(00:31 / Allies) WC3Millionaire: Yellow are you here?
(00:36 / Allies) WC3Millionaire: or are you a bot
(01:47 / Allies) WC3Millionaire: yellow don't be a fag
(02:04 / Allies) WC3Millionaire: aight I'll take yellow as an expo
(03:23 / Allies) WC3Millionaire: wtf
(03:38 / Allies) KUSHKILLA: KILL HIM
(04:05 / Allies) WC3Millionaire: HELP
(04:10 / Allies) KUSHKILLA: repair
(04:10 / Allies) WC3Millionaire: SHIT
(04:21 / Allies) WC3Millionaire: thanks pink my nigga
(04:24 / All) AFK-WC3-Sucks: NOOB TK TEAM
(04:25 / All) AFK-WC3-Sucks: GG
(05:57 / Allies) KUSHKILLA: VICTORY
(06:00 / Allies) WC3Millionaire: good work
(06:13 / Allies) WC3Millionaire: let's heal at green's wells then creep you an expo
(11:12 / Allies) KUSHKILLA: ty
(13:10 / Allies) WC3Millionaire: holy shit that's a lot of fiends
(13:16 / Allies) WC3Millionaire: counter I guess
(15:03 / Allies) WC3Millionaire: tping in a sec
(16:08 / All) REDGODOD: positive green mhs
(16:18 / All) SaithTheLordBob: he did go straight for my expo lool
(16:30 / All) hixhix2: nah, i checked all expo u dumb noob
(17:22 / Allies) WC3Millionaire: wood me
(18:21 / Allies) KUSHKILLA: gold me
(19:16 / All) SaithTheLordBob: Pink you'r such a stoop kid
(19:32 / All) KUSHKILLA: ty
(19:41 / All) SaithTheLordBob: Means you're a pussy that never leaves your base
(19:50 / All) KUSHKILLA: ur orc
(19:51 / All) KUSHKILLA: ur bad
(19:54 / All) KUSHKILLA: learn a hard hero
(19:54 / All) KUSHKILLA: ty
(19:56 / All) SaithTheLordBob: lol
(20:08 / All) SaithTheLordBob: human tri hero is so underpowered
(20:34 / Allies) WC3Millionaire: be right there
(23:44 / All) REDGODOD: fucking try har dgreen
(23:56 / All) hixhix2: say the noob trying hard
(24:07 / All) REDGODOD: focusing units with towers
(24:10 / All) REDGODOD: only a try hard does that
(24:17 / All) hixhix2: that's trying ?
(24:23 / All) hixhix2: u dumb noob
(24:28 / All) REDGODOD: people in 4v4 dont do that
(24:30 / All) REDGODOD: try hard
(24:34 / All) hixhix2: u dumb noob
(24:37 / All) REDGODOD: u got raped son
(24:46 / All) hixhix2: gj 4v3
(24:59 / All) REDGODOD: raped with capital r
(26:25 / Allies) WC3Millionaire: omw in a sec
(28:02 / All) SaithTheLordBob: I love when you got 5 peons selected
(28:08 / All) SaithTheLordBob: and only 1 will queue up build
(28:32 / All) WC3Millionaire: that only happens to me as orc for some reason
(28:34 / All) WC3Millionaire: but it never does as hu
(28:46 / All) SaithTheLordBob: faery fire
(28:50 / All) SaithTheLordBob: and web should not be auto cast
(29:14 / All) SaithTheLordBob: green def mhs
(29:26 / All) SaithTheLordBob: Green you definitely mh
(29:37 / Allies) KUSHKILLA: gold me
(29:39 / All) REDGODOD: i told u
(29:43 / All) SaithTheLordBob: soon as I start building you head straight there
(29:53 / Allies) KUSHKILLA: green
(29:57 / All) REDGODOD: he creepjacked blue once and got my expo twice
(29:59 / All) REDGODOD: he hacks
(30:01 / Allies) KUSHKILLA: that fucker hot ur base
(30:03 / All) SaithTheLordBob: Now you pay
(30:33 / Allies) hixhix2: have to take that down
(30:46 / Allies) KUSHKILLA: guide my tank
(31:49 / Allies) KUSHKILLA: FOR SPARTA
(33:27 / Allies) KUSHKILLA: raped all his air
(33:43 / Allies) KUSHKILLA: red
(33:48 / Allies) KUSHKILLA: can u give me like 5k
(33:49 / Allies) KUSHKILLA: lol
(33:53 / All) REDGODOD: bitch
(34:03 / Allies) KUSHKILLA: gold plz
(34:11 / All) REDGODOD: nice tp retard
(34:18 / All) REDGODOD: retard hacker down green
(34:19 / Allies) KUSHKILLA: gold plz
(34:31 / Allies) WC3Millionaire: if you can't even write 'please
(34:35 / Allies) WC3Millionaire: you don't deserve my wealth
(34:45 / Allies) KUSHKILLA: i help take down yellow with u
(34:53 / Allies) WC3Millionaire: I'm a millionaire, I don't have to listen to you
(35:05 / Allies) KUSHKILLA: fine
(37:42 / All) REDGODOD: tough luck with trying to start out new ladder reset strong, green
(37:46 / All) REDGODOD: ur hacks cant save u
(37:56 / All) WC3Millionaire: gg I had noob allies
(38:04 / All) SaithTheLordBob: I feel ya
(38:07 / All) SaithTheLordBob: We were stuck with blue
(38:18 / All) SaithTheLordBob: You had two scrubs even worse than teal and blue
(38:18 / All) WC3Millionaire: pink is tk
(38:20 / All) WC3Millionaire: pink is tk
(38:26 / All) KUSHKILLA: red has 20k gold
(38:39 / All) KUSHKILLA: deserves t
(39:40 / All) WC3Millionaire: my MK has 2025 HP
(39:53 / All) WC3Millionaire: Munin Ironcliff is a beast
(40:02 / All) WC3Millionaire: I only wish I had a pendant of energy
(41:52 / All) REDGODOD: 3-2
(42:03 / All) WC3Millionaire: 0-1 pink
(42:19 / All) KUSHKILLA: as to u
(42:51 / All) WC3Millionaire: Alright everyone listen up
(42:59 / All) WC3Millionaire: orange, purple, and I are going to kill everything including our own units
(43:03 / All) WC3Millionaire: neither side will be able to kill the other
(43:14 / All) WC3Millionaire: green and pink vs blue
(43:19 / All) WC3Millionaire: will you leave your computers on all night?
(46:14 / All) REDGODOD: thx uz
(46:20 / All) WC3Millionaire: Good luck everyone
(46:29 / All) WC3Millionaire: LET IT BEGIN, LET IT BEGIN! FIRST STANDOFF OF THE NEW LADDER WOOOOOO
(46:38 / All) REDGODOD: ! mor
(46:52 / All) WC3Millionaire: we playing 1 more after?
(46:57 / All) REDGODOD: bed
(46:58 / All) REDGODOD: for me
(46:59 / All) WC3Millionaire: k
(47:02 / All) REDGODOD: more timororw lots more
(47:03 / All) REDGODOD: woo hoo
(47:04 / All) WC3Millionaire: thought you were saying 1 mor
(47:22 / Allies) WC3Millionaire: finally gave you gold pink btw
(47:24 / Allies) WC3Millionaire: enjoy using it
(47:26 / All) REDGODOD: gg arashicage
(47:33 / All) WC3Millionaire: GLHF